 Dungeon Crawl Stone Soup version 0.18.0-2-g198d6d4 (webtiles) character file.

142 Chiseanne the Magician (level 5, -11/35 HPs)
             Began as a Demonspawn Wizard on May 5, 2016.
             Killed by divine providence
             ... invoked by an orc priest
              (17 damage)
             ... on level 3 of the Dungeon.
             The game lasted 00:06:42 (3547 turns).

Chiseanne the Magician (Demonspawn Wizard)          Turns: 3547, Time: 00:06:42

Health: -11/35     AC: 13    Str:  7    XL:     5   Next: 4%
Magic:  0/11       EV: 12    Int: 25    God:
Gold:   98         SH:  0    Dex: 11    Spells: 3 memorised, 8 levels left

rFire  . . .     SeeInvis .     s - +1 short sword (protect)
rCold  . . .     Gourm    .     a - +0 robe
rNeg   . . .     Faith    .     (no shield)
rPois  .         Spirit   .     b - +1 hat
rElec  .         Dismiss  .     (no cloak)
rCorr  .         Reflect  .     v - +0 pair of gloves
SustAt .         Harm     .     g - +0 pair of boots
MR     .....                    (no amulet)
Stlth  ++........               u - +2 ring of slaying
                                t - +4 ring of intelligence

@: very slightly contaminated, repel missiles, not resistant to hostile
enchantments, unstealthy
A: thin metallic scales 2, powered by death 1
a: no special abilities


You were on level 3 of the Dungeon.
You were not hungry.

You visited 1 branch of the dungeon, and saw 3 of its levels.

You collected 98 gold pieces.

Inventory:

Hand Weapons
 s - a +1 short sword of protection (weapon)
Missiles
 h - 96 stones (quivered)
 i - 105 bolts
 j - 81 arrows
 l - 27 sling bullets
 m - 7 tomahawks
Armour
 a - a +0 robe (worn)
 b - a +1 hat (worn)
 g - a +0 pair of boots (worn)
 v - a +0 pair of gloves (worn)
Jewellery
 t - a +4 ring of intelligence (left hand)
 u - a +2 ring of slaying (right hand)
Scrolls
 q - a scroll of remove curse
Potions
 e - 2 potions of berserk rage {unknown}
 k - 3 potions of heal wounds {unknown}
 o - 3 potions of brilliance
Books
 c - a book of Minor Magic

   Spells                             Type                      Level
   a - Magic Dart                     Conjuration                  1
   b - Blink                          Translocation                2
   c - Call Imp                       Summoning                    2
   d - Repel Missiles                 Charms/Air                   2
   e - Slow                           Hexes                        2
   f - Conjure Flame                  Conjuration/Fire             3
   g - Mephitic Cloud                 Conjuration/Poison/Air       3
Comestibles
 d - 3 bread rations
 f - 3 beef jerkies
 n - 2 meat rations
 p - a royal jelly


   Skills:
 - Level 1.7 Dodging
 - Level 1.7 Stealth
 * Level 4.5 Spellcasting
 * Level 3.2 Conjurations
   Level 1.0 Summonings
 - Level 0.8 Translocations


You had 8 spell levels left.
You knew the following spells:

 Your Spells              Type           Power        Failure   Level  Hunger
a - Magic Dart            Conj           ###.         2%          1    None
b - Blink                 Tloc           N/A          12%         2    None
c - Repel Missiles        Chrm/Air       #.....       14%         2    None


Dungeon Overview and Level Annotations

Branches:
Dungeon (3/15)

Altars:
Cheibriados


Innate Abilities, Weirdness & Mutations

You are mostly covered in thin metallic scales (AC +3).
You regenerate a little health from kills.


Message History

Press: ? - help, Shift-Dir - straight line, f/p - orc priest
Aim: an orc priest, wielding a falchion and wearing a leather armour (almost dead)
You miscast Magic Dart.
Nothing appears to happen.
The orc priest hits you but does no damage.
You closely miss the orc priest.
The orc priest is almost dead.
You feel less regenerative.
The orc priest calls down the wrath of Beogh upon you.
Beogh smites you!
* * * LOW HITPOINT WARNING * * *
Casting: Magic Dart
Confirm with . or Enter, or press ? or * to list all spells.
Aiming: Magic Dart
Press: ? - help, Shift-Dir - straight line, f/p - orc priest
Aim: an orc priest, wielding a falchion and wearing a leather armour (almost dead)
The magic dart hits the orc priest.
The orc priest is almost dead.
The orc priest mumbles some strange prayers to Beogh against you.
Beogh smites you!
You die...

#####......
#..........
#?.........
##..........
#...$...))..
#...........
#....o......
#...@#.#
####.#.# #.#.#
###'#'##
########......#
#.............#
#.............#
#.............#
#.......##.#.##


You could see an orc priest.

Vanquished Creatures
  An iguana (D:3)
  2 adders
  2 oozes (D:2)
  2 dart slugs
  A giant gecko (D:1)
  4 orcs (D:3)
  A ball python (D:2)
  7 bats
  4 giant cockroaches
  4 goblins
  10 hobgoblins
  8 jackals
  A quokka (D:2)
  5 giant newts
  11 kobolds
  15 rats
78 creatures vanquished.

Notes
Turn   | Place    | Note
--------------------------------------------------------------
     0 | D:1      | Chiseanne the Demonspawn Wizard began the quest for the Orb.
     0 | D:1      | Reached XP level 1. HP: 13/13 MP: 4/4
   665 | D:1      | Gained mutation: You regenerate a little health from kills. [demonic ancestry]
   665 | D:1      | Reached XP level 2. HP: 16/19 MP: 1/6
  1150 | D:1      | Learned a level 2 spell: Blink
  1153 | D:1      | Learned a level 2 spell: Repel Missiles
  1308 | D:1      | Reached XP level 3. HP: 24/24 MP: 6/8
  2356 | D:2      | Reached skill level 4 in Spellcasting
  2485 | D:2      | Gained mutation: You are partially covered in thin metallic scales (AC +2). [demonic ancestry]
  2485 | D:2      | Reached XP level 4. HP: 28/30 MP: 0/10
  3237 | D:3      | Found a snail-covered altar of Cheibriados.
  3460 | D:3      | Gained mutation: You are mostly covered in thin metallic scales (AC +3). [demonic ancestry]
  3460 | D:3      | Reached XP level 5. HP: 35/35 MP: 8/11
  3547 | D:3      | Killed from afar by an orc priest

Skill      XL: |  1  2  3  4 |
---------------+-------------+-----
Conjurations   | 2 3 |  3.2
Spellcasting   | 4 |  4.5
Dodging        | |  1.7
Stealth        | |  1.7
Summonings     | |  1.0
Translocations | |  0.8

Action                   |  1- 3 |  4- 6 || total
-------------------------+-------+-------++-------
Melee: Dagger            |    94 |    35 ||   129
       Unarmed           |    10 |       ||    10
       Short sword       |       |     2 ||     2
 Cast: Magic Dart        |   109 |    65 ||   174
       Repel Missiles    |     2 |       ||     2
  Use: Scroll            |     4 |     4 ||     8
  Eat: Chunk             |     5 |     3 ||     8
Armor: Robe              |    31 |    15 ||    46
Dodge: Dodged            |   118 |    28 ||   146
       Deflected         |     2 |       ||     2
